 Dungeon Crawl Stone Soup version 0.22-a0-603-gfc1114d (webtiles) character file.

82 Hebeh the Shield-Bearer (level 4, -3/40 HPs)
             Began as a Minotaur Fighter on July 7, 2018.
             Killed by divine providence
             ... invoked by an orc priest
              (15 damage)
             ... on level 3 of the Dungeon.
             The game lasted 00:04:52 (1442 turns).

Hebeh the Shield-Bearer (Minotaur Fighter)          Turns: 1442, Time: 00:04:53

Health: -3/40      AC:  7    Str: 21    XL:     4   Next: 21%
Magic:  3/3        EV:  7    Int:  5    God:
Gold:   71         SH:  9    Dex: 10    Spells: 3/3 levels left

rFire    . . .     SeeInvis .   a - +0 war axe
rCold    . . .     Gourm    .   c - +0 shield
rNeg     . . .     Faith    .   b - +0 scale mail
rPois    .         Spirit   .   (helmet restricted)
rElec    .         Reflect  .   (no cloak)
rCorr    .         Harm     .   (no gloves)
MR       .....                  (no boots)
Stlth    ..........             (no amulet)
HPRegen  0.13/turn              (no ring)
MPRegen  0.08/turn              (no ring)

@: no status effects
A: retaliatory headbutt, horns 2
a: no special abilities


You were on level 3 of the Dungeon.
You were not hungry.

You visited 1 branch of the dungeon, and saw 3 of its levels.

You collected 71 gold pieces.

Inventory:

Hand Weapons
 a - a +0 war axe (weapon)
Missiles
 h - 39 stones (quivered)
Armour
 b - a +0 scale mail (worn)
 c - a +0 shield (worn)
Scrolls
 e - a scroll of blinking {unknown}
 g - a scroll of fog {unknown}
 i - 2 scrolls of identify {unknown}
 j - a scroll of enchant weapon {unknown}
 k - a scroll of fear {unknown}
Potions
 d - 3 potions of might
 l - a potion of brilliance {unknown}
 n - a potion of lignification {unknown}
Comestibles
 f - 5 rations
 m - a chunk of flesh


   Skills:
 + Level 4.2 Fighting
 * Level 3.9 Axes
 + Level 4.2 Armour
 + Level 4.2 Shields


You had 3 spell levels left.
You didn't know any spells.
Your spell library was empty.

Dungeon Overview and Level Annotations

Branches:
Dungeon (3/15)

Altars:
Elyvilon
Gozag
Hepliaklqana
The Shining One


Innate Abilities, Weirdness & Mutations

You reflexively headbutt those who attack you in melee.
You have a pair of horns on your head.


Message History

Beogh smites you! You block the orc's attack.
You hear a shout!
You slash the orc!
You kill the orc!
You barely miss the kobold. The kobold hits you but does no damage.
You closely miss the kobold. The kobold barely misses you.
An orc comes into view.
The orc priest mumbles some strange prayers to Beogh against you.
Beogh smites you!
* * * LOW HITPOINT WARNING * * *
You block the kobold's attack.
You hear a shout!
You are too injured to fight recklessly!
Unknown command.
You are too injured to fight recklessly!
You are too injured to fight recklessly!
You are too injured to fight recklessly!
The orc priest invokes the aid of Beogh against you.
Beogh smites you!
You die...

#....... #.o..#..
#....o. #(.oJ.
#.oo# #..[#####
##########K)......
#......[.@(.######.
#.########(#..[....
#.#.)..#...$).#...
#.#<.#.#.#.#..# #
#.####.#.#.#.....
#......# #.#.....#
######## #.#$....#
#.......# ####..###


You could see an orc priest, an orc wizard, an ooze, 3 orcs and a kobold.

Vanquished Creatures
  Robin (D:2)
  An adder (D:2)
  A worm (D:2)
  3 dart slugs
  A leopard gecko (D:1)
  2 orcs (D:3)
  2 giant cockroaches (D:1)
  7 goblins (D:2)
  9 hobgoblins
  8 kobolds
  A ball python (D:2)
  4 bats
  4 frilled lizards
  5 rats
49 creatures vanquished.

Notes
Turn   | Place    | Note
-------+----------+-------------------------------------------
     0 | D:1      | Hebeh the Minotaur Fighter began the quest for the Orb.
     0 | D:1      | Reached XP level 1. HP: 19/19 MP: 0/0
   193 | D:1      | Reached XP level 2. HP: 27/27 MP: 1/1
   730 | D:2      | Reached XP level 3. HP: 33/33 MP: 2/2
   811 | D:2      | Noticed Robin
   824 | D:2      | Killed Robin
   826 | D:2      | Reached XP level 4. HP: 17/40 MP: 3/3
  1210 | D:2      | Found a hazy altar of Hepliaklqana.
  1224 | D:2      | Found an opulent altar of Gozag.
  1227 | D:2      | Found a white marble altar of Elyvilon.
  1241 | D:2      | Found a glowing golden altar of the Shining One.
  1442 | D:3      | Killed from afar by an orc priest

Vault maps used:
D:1:      dpeg_arrival_shelter
D:2:      minmay_diamond_boxcup, grunt_temple_overflow_cloverleaf, uniq_robin
D:3:      lemuel_doored_altar

Skill      XL: |  1  2  3 |
---------------+----------+-----
Axes           | 3 |  3.9
Fighting       | 4 |  4.2
Shields        | 4 |  4.2
Armour         | 4 |  4.2

Action                   |  1- 3 |  4- 6 || total
-------------------------+-------+-------++-------
Melee: War axe           |    73 |    23 ||    96
       Headbutt          |    11 |     2 ||    13
  Eat: Chunk             |       |     2 ||     2
Armor: Scale mail        |    41 |     7 ||    48
Dodge: Dodged            |    21 |     8 ||    29
Block: Shield            |    34 |    14 ||    48

Table legend:
 A = Spawn XP
 B = Non-spawn XP
 C = Spawn XP percentage of total XP
 D = Spawn monster count
 E = Non-spawn monster count
 F = Spawn count percentage of total count
 G = Total turns spent on level
                    A         B        C        D         E        F      G
               +---------+---------+-------+---------+---------+-------+---------
         Total |       0 |     118 |   0.0 |       0 |      49 |   0.0 |  1442
               +---------+---------+-------+---------+---------+-------+---------
           D:1 |       0 |      29 |   0.0 |       0 |      15 |   0.0 |   681
           D:2 |       0 |      82 |   0.0 |       0 |      31 |   0.0 |   730
           D:3 |       0 |       7 |   0.0 |       0 |       3 |   0.0 |    31
               +---------+---------+-------+---------+---------+-------+---------
